AoeStats
← Halogenlampen

Nomad

508951060Analyzed
4v4 RM · 7d ago on Sep 24, 2026· 42m 24s· 8 players
Game mode
Random Map
Map size
231×231
Population
200
Speed
Normal
Resources
Standard
Victory
Conquest
Starting age
Dark Age
Ending age
Imperial Age
RankedLock teamsTeams togetherTeam positionsShared explorationLock speedFull tech treeHidden civsTurbo modeCheats
Victory
Defeat
🇳🇱 Lithuanians · Netherlands
1307
+12
🇨🇳 Khitans · China
1305
+12
🇮🇶 Persians · Iraq
1263
+13
🇲🇽 Huns · Mexico
1209
+16
🇩🇪 Danes · Germany
1337
-17
🇩🇪 Varangians · Germany
1314
-17
🇩🇪 Saxons · Germany
1225
-14
🇩🇪 Maya · Germany
953
-19
Gerbano
5:29 Loom
13:29 Feudal Age
18:31 Castle Age
16:54 Bloodlines
16:54 Scale Barding Armor
18:55 Forging
24:00 Horse Collar
24:10 Double-Bit Axe
29:45 Wheelbarrow
30:29 Heavy Plow
30:41 Bow Saw
31:20 Gold Mining
31:21 Stone Mining
33:58 Chain Barding Armor
34:14 Iron Casting
35:18 Hand Cart
35:18 Fervor
35:29 Sanctity
36:41 Stone Shaft Mining
36:30 Husbandry
40:57 Imperial Age
38:20 Town Watch
40:25 Hill Forts
40:44 Fletching
41:38 Bodkin Arrow
42:15 Conscription
42:59 Plate Barding Armor
ahmady sulaymani
5:43 Loom
14:20 Feudal Age
17:52 Castle Age
16:00 Double-Bit Axe
20:23 Bow Saw
20:32 Gold Mining
21:23 Fishing Lines
22:26 Wheelbarrow
23:45 Gold Shaft Mining
23:12 Demolition Ship
23:19 Demolition Ship
25:42 Horse Collar
28:16 Heavy Plow
28:30 Stone Mining
30:32 Squires
30:17 Gambesons
31:05 Kamandaran
30:59 Fletching
30:41 Crossbowman
32:00 Thumb Ring
32:06 Bodkin Arrow
32:55 Ballistics
36:37 Imperial Age
35:37 Padded Archer Armor
38:28 Two-Man Saw
37:53 Conscription
38:31 Conscription
38:39 Leather Archer Armor
38:40 Guilds
40:17 Citadels
42:28 Ring Archer Armor
(JP) JR
4:45 Loom
13:54 Feudal Age
17:14 Bloodlines
22:25 Town Watch
27:20 Castle Age
25:23 Man-at-Arms
27:04 Double-Bit Axe
27:25 Long Swordsman
33:56 Wheelbarrow
34:51 Horse Collar
37:11 Gold Mining
45:25 Imperial Age
43:15 Hand Cart
uu
3:36 Loom
15:14 Feudal Age
21:15 Castle Age
24:46 Wheelbarrow
23:56 Domestication
25:04 Pastoralism
28:03 Double-Bit Axe
31:06 Fletching
31:16 Padded Archer Armor
31:32 Bow Saw
33:07 Heavy Cavalry Archer
33:56 Thumb Ring
33:48 Bodkin Arrow
34:09 Leather Archer Armor
34:33 Hand Cart
36:52 Ballistics
37:35 Treadmill Crane
41:42 Imperial Age
39:20 Stone Mining
39:21 Gold Mining
41:53 Husbandry
42:54 Conscription
Dj Paddy
5:14 Loom
15:46 Feudal Age
19:53 Castle Age
18:23 Double-Bit Axe
18:21 Horse Collar
20:13 Scale Mail Armor
20:25 Forging
23:22 Wheelbarrow
30:45 Squires
30:31 Gambesons
32:56 Elite Skirmisher
36:15 Fletching
36:26 Padded Archer Armor
36:50 Bow Saw
38:32 Bodkin Arrow
Halogenlampen
4:37 Loom
Bruderachim
5:14 Loom
13:22 Feudal Age
16:11 Wheelbarrow
18:36 Forging
21:35 Castle Age
19:56 Double-Bit Axe
21:29 Scale Mail Armor
22:26 Medium Warships
23:08 Iron Casting
22:54 Hand Cart
23:17 Fishing Lines
25:46 Gillnets
26:06 Fletching
28:01 Squires
29:22 Gold Mining
32:28 Town Watch
33:30 Bodkin Arrow
37:33 Imperial Age
35:32 Gambesons
35:34 Arson
36:20 Chain Mail Armor
37:35 Elite Varangian Guard
38:57 Plate Mail Armor
39:05 Conscription
38:48 Stone Mining
42:05 Chemistry
41:29 Ballistics
MergaTorbi
5:10 Loom
14:03 Feudal Age
17:47 Castle Age
15:35 Double-Bit Axe
16:04 Scale Mail Armor
16:12 Town Watch
16:59 Forging
16:37 Arson
18:37 Wheelbarrow
19:31 Bow Saw
22:02 Chain Mail Armor
24:46 Pikeman
29:01 Hand Cart
30:30 Fletching
31:17 Iron Casting
35:54 Fletching
38:45 Bodkin Arrow
Connection lost

Rejoining the realm…

Still unreachable

The connection could not be restored.

Session expired

The server has moved on; the page needs a fresh start.